 Dungeon Crawl Stone Soup version 0.16.1-28-gcc2312f (webtiles) character file.

60869 slartie the Severer (level 14, -2/196 (204) HPs)
             Began as a Minotaur Berserker on June 5, 2015.
             Was the Champion of Trog.
             Killed by divine providence
             ... invoked by an orc priest
              (14 damage)
             ... on level 4 of the Orcish Mines.
             The game lasted 01:53:26 (25597 turns).

slartie the Severer (Minotaur Berserker)           Turns: 25597, Time: 01:53:27

HP:   -2/196 (204)  AC: 22    Str: 31    XL:     14   Next: 58%
MP:   5/5           EV:  9    Int:  4    God:    Trog [******]
Gold: 2087          SH:  0    Dex: 14    Spells: 0 memorised, 13 levels left

rFire  . . .     SeeInvis .     w - +7 battleaxe "Gusaibu" {chop, rN+ MR+}
rCold  + . .     Clarity  .     y - +0 plate armour
rNeg   + . .     SustAb   .     (no shield)
rPois  .         Gourm    .     (helmet restricted)
rElec  .         Spirit   .     o - +0 cloak
rCorr  .         Warding  .     Z - +0 pair of gloves {Str+3}
rMut   .         Stasis   .     (no boots)
MR     ++...                    (no amulet)
Stlth  ..........               F - ring of protection from cold
                                t - +2 ring of protection

@: berserking, very quick, very resistant to hostile enchantments, extremely
unstealthy
A: retaliatory headbutt, horns 2
a: Burn Spellbooks, Berserk, Trog's Hand, Brothers in Arms, Renounce Religion


You were on level 4 of the Orcish Mines.
You worshipped Trog.
Trog was exalted by your worship.
You were not hungry.

You visited 4 branches of the dungeon, and saw 24 of its levels.
You also visited: Bailey and Ice Cave.

You collected 2599 gold pieces.
You spent 512 gold pieces at shops.

Inventory:

Hand weapons
 b - a +3 battleaxe of electrocution
 w - the +7 battleaxe "Gusaibu" (weapon) {chop, rN+ MR+}
   (You bought it in a shop on level 11 of the Dungeon)

   It inflicts extra damage upon your enemies.
   It protects you from negative energy.
   It affects your resistance to hostile enchantments.
 A - a +1 antimagic executioner's axe
 N - a +0 battleaxe of freezing
 U - a +3 battleaxe of freezing
 V - a +5 antimagic battleaxe
 W - a +0 war axe of venom
Armour
 o - a +0 cloak (worn)
 q - a +0 scale mail of poison resistance
 u - a +0 shield
 y - a +0 plate armour (worn)
 Z - a +0 pair of gloves of strength (worn)
Jewellery
 k - an uncursed amulet of warding
 t - a +2 ring of protection (left hand)
 F - a ring of protection from cold (right hand)
 S - an uncursed amulet of stasis
Magical devices
 a - a wand of polymorph (10)
 e - a wand of paralysis (8)
 f - a wand of random effects (45)
 h - a wand of digging (3)
 j - a wand of polymorph (22)
 p - a wand of fire (5)
 z - a wand of slowing (15)
 B - a wand of polymorph (9)
 I - a wand of fire (6)
 J - a wand of polymorph (7)
 K - a wand of polymorph (6)
 L - a wand of flame (31)
 M - a wand of polymorph (8)
 X - a wand of random effects (23)
Scrolls
 l - 5 scrolls of magic mapping
 r - 3 scrolls of blinking
 v - 6 scrolls of remove curse
 D - a scroll of holy word
 E - 4 scrolls of fog
 G - 4 scrolls of recharging
 H - 6 scrolls of teleportation
 R - 2 scrolls of silence
Potions
 d - 6 potions of flight
 g - 9 potions of might
 i - a potion of resistance
 m - 3 potions of brilliance
 s - 6 potions of curing
 O - a potion of restore abilities
 T - a potion of magic
Miscellaneous
 P - a phantom mirror
 Q - a fan of gales
Comestibles
 c - 10 bread rations
 n - 47 fruits
 x - 6 meat rations
 C - 2 royal jellies


   Skills:
 * Level 15.8 Fighting
 + Level 19.6 Axes
 + Level 15.4 Armour
 - Level 2.1 Dodging


You had 13 spell levels left.
You didn't know any spells.

Dungeon Overview and Level Annotations

Branches:
Dungeon (12/15)            Temple (1/1) D:4            Lair (7/8) D:10
 Shoals (0/5) Lair:6        Snake (0/5) Lair:5        Slime (0/6) Lair:7
    Orc (4/4) D:12            Elf (0/3) Orc:4

Altars:
Ashenzari
Cheibriados
Dithmenos
Elyvilon
Fedhas
Gozag
Kikubaaqudgha
Makhleb
Nemelex Xobeh
Okawaru
Qazlal
Ru
Sif Muna
Trog
Vehumet
Xom
Yredelemnul
Zin
The Shining One
Beogh
Jiyva

Shops:
D:8 *   D:11 *   Orc:1 }(

Annotations:
Lair:4 exclusion: oklob plant


Innate Abilities, Weirdness & Mutations

You reflexively headbutt those who attack you in melee.
You have a pair of horns on your head.


Message History

The orc warlord is lightly wounded.
The orc knight hits you with a great sword!!
* * * LOW HITPOINT WARNING * * *
The orc warlord hits you with a vampiric war axe!
* * * LOW HITPOINT WARNING * * *
The orc high priest hits you but does no damage.
You are too berserk!
You slice the orc knight!!
You kill the orc knight!
Trog accepts your kill.
You hit the orc warlord but do no damage.
The orc warlord is lightly wounded.
You slice the chaos spawn!!
The chaos spawn is severely wounded.
You slice the orc warrior!!
You kill the orc warrior!
Trog accepts your kill.
The orc priest invokes the aid of Beogh against you.
Something smites you!
You die...

#......#..........
#......##....#.#..
#.###........###<.
####........## #..
#............ ...
.### #............#
... ....o
#.)..#....#.## ...
.....oo#)#.......###
...
.....oo3@)........
.....{oo)).......
....ooo........
.....o.o.......
...............
.....#.......
....#......
####..... #..


You could see an orc warlord, an orc high priest (frenzied), a chaos spawn, 3
orc warriors, 3 orc priests, 3 orc wizards and an orc (frenzied).

Vanquished Creatures
  A frost giant (IceCv)
  A dire elephant (Lair:5)
  Harold (Lair:6)
  5 hydras
  A catoblepas (Lair:7)
  3 death yaks
  2 orc high priests
  Nergalle (Lair:4)
  A fire crab (Lair:5)
  The ghost of CcS the Blocker, an experienced GrFi of Cheibriados (D:8)
  3 orc knights
  An ice statue (IceCv)
  3 ugly things
  A cyclops (D:12)
  2 orc sorcerers
  10 elephants
  3 torpor snails
  6 black mambas
  8 spiny frogs
  6 fire drakes
  5 komodo dragons
  4 wandering mushrooms (D:12)
  Grinder (D:4)
  16 polar bears
  A two-headed ogre (Orc:4)
  6 trolls
  20 blink frogs
  4 basilisks
  51 yaks
  A wyvern (Lair:6)
  4 hippogriffs
  8 wolves (IceCv)
  2 wargs
  A soldier ant (D:12)
  2 nagas (Lair:5)
  A mottled dragon (D:12)
  The ghost of CcS the Grave Robber, an average VSNe (D:6)
  The ghost of CcS the Ruffian, an average VSNe (D:5)
  18 orc warriors
  11 porcupines
  5 ice beasts
  A wasp (D:7)
  An eye of draining (D:10)
  8 water moccasins
  4 sky beasts
  11 crocodiles
  2 phantoms
  2 big kobolds
  9 ogres
  8 centaurs
  A boring beetle (Lair:4)
  A brain worm (Lair:6)
  Blork the orc (D:8)
  17 giant frogs
  The ghost of CcS the Grave Robber, an average VSNe (D:3)
  A wyvern skeleton (D:7)
  8 killer bees
  3 scorpions
  2 oklob saplings (D:12)
  8 wights (D:10)
  3 electric eels
  A quasit (D:10)
  7 hounds
  A wasp zombie (D:11)
  3 giant frog zombies
  A centaur zombie (D:10)
  3 crimson imps
  3 giant frog skeletons
  The ghost of CcS the Grave Robber, a weakling VSNe (D:4)
  3 centaur skeletons
  14 orc priests
  3 worker ants
  8 iguanas
  A polar bear simulacrum (Lair:3)
  Natasha (D:5)
  25 orc wizards
  4 wolf simulacra (Lair:3)
  2 yak simulacra (Lair:3)
  24 sheep
  Ijyb (D:4)
  Jessica (D:2)
  2 hound skeletons
  A hound zombie (D:6)
  Robin (D:3)
  24 adders
  4 gnolls (D:3)
  39 river rats
  A giant mite (D:3)
  6 shadow imps
  8 worms
  2 adder skeletons
  6 giant geckos
  2 oozes
  148 orcs
  2 ball pythons
  12 bats
  A bat skeleton (D:5)
  6 giant cockroaches
  25 hobgoblins
  7 jackals
  16 quokkas
  3 giant newts
  42 goblins
  A goblin zombie (Orc:2)
  25 kobolds
  3 orc zombies (Orc:4)
  18 rats
  4 river rat simulacra (Lair:3)
  2 spectral orcs (Lair:4)
  12 fungi
  12 plants
857 creatures vanquished.

Vanquished Creatures (others)
  A necromancer (Lair:3)
  A kobold (D:8)
  4 fungi
  A plant (Lair:7)
7 creatures vanquished.

Grand Total: 864 creatures vanquished

Notes
Turn   | Place    | Note
--------------------------------------------------------------
     0 | D:1      | slartie, the Minotaur Berserker, began the quest for the Orb.
     0 | D:1      | Reached XP level 1. HP: 19/19 MP: 1/1
   128 | D:1      | Reached skill level 4 in Axes
   321 | D:1      | Reached XP level 2. HP: 17/26 MP: 1/1
   663 | D:1      | Acquired Trog's second power
   941 | D:2      | Noticed Jessica
   945 | D:2      | Killed Jessica
   945 | D:2      | Reached skill level 5 in Axes
   945 | D:2      | Reached XP level 3. HP: 31/31 MP: 2/2
  1333 | D:2      | Found a glowing golden altar of the Shining One.
  1381 | D:2      | Found a basalt altar of Yredelemnul.
  1465 | D:2      | Reached XP level 4. HP: 33/39 MP: 2/2
  1530 | D:2      | Reached skill level 6 in Axes
  1994 | D:3      | Reached XP level 5. HP: 43/45 MP: 2/2
  1995 | D:3      | Reached skill level 7 in Axes
  2272 | D:3      | Noticed CcS's ghost (average VSNe)
  2290 | D:3      | Killed CcS's ghost
  2290 | D:3      | Reached skill level 8 in Axes
  2290 | D:3      | Reached XP level 6. HP: 21/51 MP: 3/3
  2516 | D:3      | Acquired Trog's third power
  2533 | D:3      | Noticed Robin
  2582 | D:3      | Killed Robin
  2645 | D:3      | Received a gift from Trog
  2930 | D:4      | Noticed Grinder
  2936 | D:4      | Paralysed by Grinder for 7 turns
  2954 | D:4      | Killed Grinder
  2954 | D:4      | Reached skill level 9 in Axes
  2954 | D:4      | Reached XP level 7. HP: 48/57 MP: 3/3
  2973 | D:4      | Found a shadowy altar of Dithmenos.
  2976 | D:4      | Noticed CcS's ghost (weakling VSNe)
  3003 | D:4      | Killed CcS's ghost
  3106 | D:4      | Noticed Ijyb
  3131 | D:4      | Killed Ijyb
  3143 | D:4      | Found a snail-covered altar of Cheibriados.
  3158 | D:4      | Found a stormy altar of Qazlal.
  3539 | D:4      | Reached skill level 5 in Armour
  3671 | D:4      | Found a staircase to the Ecumenical Temple.
  3680 | Temple   | Entered the Ecumenical Temple
  3821 | D:4      | Found a bloodstained altar of Trog.
  3901 | D:4      | Found an ancient bone altar of Kikubaaqudgha.
  3951 | D:5      | Entered Level 5 of the Dungeon
  4149 | D:5      | Noticed CcS's ghost (average VSNe)
  4153 | D:5      | Killed CcS's ghost
  4153 | D:5      | Reached skill level 10 in Axes
  4332 | D:5      | Reached XP level 8. HP: 56/64 MP: 3/3
  4646 | D:5      | Noticed Natasha
  4654 | D:5      | Killed Natasha
  5032 | D:6      | Noticed a moth of wrath
  5034 | D:6      | Found a bloodstained altar of Trog.
  5051 | D:6      | Reached skill level 11 in Axes
  5132 | D:6      | Noticed CcS's ghost (average VSNe)
  5135 | D:6      | Killed CcS's ghost
  6346 | D:7      | Reached skill level 12 in Axes
  6365 | D:7      | Reached XP level 9. HP: 63/70 MP: 4/4
  6592 | D:7      | Paralysed by a wasp for 3 turns
  7125 | D:8      | Reached skill level 13 in Axes
  7142 | D:8      | Received a gift from Trog
  7245 | D:8      | Noticed CcS's ghost (experienced GrFi)
  7253 | D:8      | Killed CcS's ghost
  7362 | D:8      | Found Gozag's Platinum Reserve.
  7366 | D:8      | Found an opulent altar of Gozag.
  7374 | D:8      | Reached skill level 14 in Axes
  7410 | D:8      | Noticed Blork the orc
  7417 | D:8      | Killed Blork the orc
  7718 | D:8      | Gained mutation: Potions and wands are less effective at restoring your health. [potion of mutation]
  7718 | D:8      | Gained mutation: You are dopey. (Int -2) [potion of mutation]
  7718 | D:8      | Gained mutation: You can spit poison. [potion of mutation]
  8140 | D:9      | Reached XP level 10. HP: 38/72 MP: 1/4
  8424 | D:9      | Found a shattered altar of Ashenzari.
  8481 | D:9      | Found a radiant altar of Vehumet.
  8483 | D:9      | Found a sacrificial altar of Ru.
  8864 | D:10     | Entered Level 10 of the Dungeon
  8900 | D:10     | Reached skill level 10 in Armour
  8911 | D:9      | Found a sparkling altar of Nemelex Xobeh.
  8911 | D:9      | Found a blossoming altar of Fedhas.
  9303 | D:10     | Found a staircase to the Lair.
  9320 | D:10     | Reached skill level 15 in Axes
  9620 | D:10     | Noticed a purple ugly thing
  9630 | D:10     | Killed a purple ugly thing
 10103 | D:10     | Lost mutation: You can spit poison. [potion of cure mutation]
 10103 | D:10     | Lost mutation: You are dopey. (Int -2) [potion of cure mutation]
 10111 | Lair:1   | Entered Level 1 of the Lair of Beasts
 10171 | Lair:1   | Reached skill level 16 in Axes
 10348 | Lair:1   | Reached XP level 11. HP: 35/77 MP: 1/4
 10740 | Lair:1   | Received a gift from Trog
 11435 | Lair:1   | Reached skill level 5 in Fighting
 11917 | Lair:2   | Noticed a seven-headed hydra
 11923 | Lair:2   | Killed a 11-headed hydra
 11923 | Lair:2   | Reached skill level 17 in Axes
 13634 | Lair:3   | Received a gift from Trog
 14086 | Lair:3   | Noticed a necromancer
 14091 | Lair:3   | Killed a necromancer
 14091 | Lair:3   | Reached XP level 12. HP: 98/98 MP: 1/5
 14151 | Lair:3   | Noticed an eight-headed hydra
 14160 | Lair:3   | Killed a 13-headed hydra
 14696 | Lair:4   | Found an ancient bone altar of Kikubaaqudgha.
 15317 | Lair:4   | Reached skill level 10 in Fighting
 15388 | Lair:4   | Noticed Nergalle
 15399 | Lair:4   | Killed Nergalle
 15980 | Lair:5   | Reached skill level 18 in Axes
 16067 | Lair:5   | Noticed an eight-headed hydra
 16079 | Lair:5   | Killed a 14-headed hydra
 16453 | Lair:5   | Found a staircase to the Snake Pit.
 16661 | Lair:5   | Received a gift from Trog
 16975 | Lair:5   | Noticed a dire elephant
 16986 | Lair:5   | Killed a dire elephant
 16986 | Lair:5   | Reached XP level 13. HP: 113/113 MP: 1/5
 17085 | Lair:5   | Lost mutation: Potions and wands are less effective at restoring your health. [potion of cure mutation]
 18446 | Lair:6   | Found a staircase to the Shoals.
 18678 | Lair:6   | Received a gift from Trog
 18802 | Lair:6   | Noticed Harold
 18811 | Lair:6   | Killed Harold
 19505 | Lair:7   | Found a viscous altar of Jiyva.
 19505 | Lair:7   | Found a staircase to the Slime Pits.
 19678 | Lair:7   | Reached skill level 19 in Axes
 19684 | Lair:7   | Received a gift from Trog
 20743 | D:11     | Found Paunu's Assorted Antiques.
 20774 | D:11     | Bought an encrusted battleaxe for 368 gold pieces
 20774 | D:11     | Bought a pair of glowing gloves for 144 gold pieces
 20789 | D:11     | Identified the +7 battleaxe "Gusaibu" {chop, rN+ MR+} (You bought it in a shop on level 11 of the Dungeon)
 21544 | D:12     | Reached XP level 14. HP: 94/128 MP: 5/5
 21724 | D:12     | Found a staircase to the Orcish Mines.
 21802 | D:12     | Found a blossoming altar of Fedhas.
 22080 | Orc:1    | Entered Level 1 of the Orcish Mines
 22100 | Orc:1    | Found Cisanumn's Gadget Shop.
 22132 | Orc:1    | Found a roughly hewn altar of Beogh.
 22242 | Orc:1    | Received a gift from Trog
 22353 | Orc:1    | Found a flagged portal.
 22359 | Bailey   | Entered a bailey
 22812 | Orc:1    | Found Cuott's Antique Weapon Shoppe.
 22978 | Orc:2    | Found a frozen archway.
 22986 | IceCv    | Entered an ice cave
 23053 | IceCv    | Reached skill level 15 in Armour
 23170 | IceCv    | Reached skill level 15 in Fighting
 23248 | IceCv    | Noticed a frost giant
 23264 | IceCv    | Killed a frost giant
 23921 | Orc:2    | Received a gift from Trog
 24266 | Orc:3    | Received a gift from Trog
 24463 | Orc:3    | You fall through a shaft!
 24463 | Orc:4    | Entered Level 4 of the Orcish Mines
 24570 | Orc:3    | HP: 6/131 [orc priest/divine providence (16)]
 25311 | Orc:4    | Found a staircase to the Elven Halls.
 25426 | Orc:4    | Received a gift from Trog
 25582 | Orc:4    | Noticed an orc warlord
 25597 | Orc:4    | Killed from afar by an orc priest

Action                   |  1- 3 |  4- 6 |  7- 9 | 10-12 | 13-15 || total
-------------------------+-------+-------+-------+-------+-------++-------
Melee: Hand axe          |    82 |   142 |   136 |       |    69 ||   429
       War axe           |       |       |   167 |       |   137 ||   304
       Battleaxe         |       |       |    65 |   698 |   603 ||  1366
Throw: Javelin           |       |       |     5 |    19 |     2 ||    26
Invok: Berserk           |     1 |     4 |     5 |    11 |     4 ||    25
       Burn Spellbooks   |     1 |       |     2 |       |     2 ||     5
Evoke: Wand              |       |       |       |       |     4 ||     4
  Use: Potion            |       |     6 |     7 |     3 |     4 ||    20
       Scroll            |       |     6 |    11 |     3 |    11 ||    31
 Stab: Sleeping          |     1 |       |       |       |       ||     1
  Eat: Chunk             |     3 |     7 |    14 |    18 |    19 ||    61
       Meat ration       |       |       |     1 |     4 |     2 ||     7
       Beef jerky        |       |       |     2 |     1 |       ||     3
       Bread ration      |       |       |       |       |     1 ||     1
